 Dungeon Crawl Stone Soup version 0.29-a0-559-g359e09b9d1 (webtiles) character file.

Game seed: 7587713602455333097

1274 xian the Slasher (level 8, -14/61 HPs)
             Began as a Demonspawn Gladiator on June 10, 2022.
             Was an Initiate of Wu Jian.
             Demolished by an ogre
             ... wielding a +0 giant spiked club
              (28 damage)
             ... on level 6 of the Dungeon.
             The game lasted 00:13:29 (7082 turns).

xian the Slasher (Demonspawn Gladiator)             Turns: 7082, Time: 00:13:30

Health: -14/61     AC:  4    Str: 23    XL:     8   Next: 28%
Magic:  8/8        EV: 13    Int: 16    God:    Wu Jian [......]
Gold:   1401       SH:  9    Dex: 14    Spells: 7/7 levels left

rFire   . . .      SeeInvis .   a - +0 long sword (venom)
rCold   . . .      Faith    .   (no shield)
rNeg    . . .      Spirit   .   b - +0 leather armour
rPois   .          Reflect  +   (helmet restricted)
rElec   .          Harm     .   (no cloak)
rCorr   .          Rampage  .   (no gloves)
Will    .....                   k - +0 pair of boots
Stlth   ++........              v - amulet of reflection
HPRegen 0.20/turn               o - +6 ring of intelligence
MPRegen 0.11/turn               u - +6 ring of strength

@: no status effects
A: hooves 1, horns 2, condensation shield
a: Renounce Religion


You were on level 6 of the Dungeon.
You worshipped Wu Jian.
Wu Jian was noncommittal.
You visited 2 branches of the dungeon, and saw 7 of its levels.

You collected 1401 gold pieces.

Inventory:

Hand Weapons
 a - a +0 long sword of venom (weapon)
Missiles
 d - 5 throwing nets
 e - a javelin
 h - 19 poisoned darts (quivered)
Armour
 b - a +0 leather armour (worn)
 c - a +0 helmet
 k - a +0 pair of boots (worn)
 y - the +1 robe of Hedging {rC+ Will- rCorr Int+4}
   (You found it on level 5 of the Dungeon)

   Int:       It affects your intelligence (+4).
   rC:        It protects you from cold.
   rCorr:     It protects you from acid and corrosion.
   Will:      It decreases your willpower.
Jewellery
 o - a +6 ring of intelligence (left hand)
 t - an amulet of regeneration
 u - a +6 ring of strength (right hand)
 v - an amulet of reflection (around neck)
Scrolls
 j - 2 scrolls of amnesia
 l - a scroll of vulnerability {unknown}
 m - 2 scrolls of teleportation
 s - a scroll of blinking
 x - 2 scrolls of fear
Potions
 f - a potion of resistance
 g - 2 potions of mutation
 i - 2 potions of flight
 n - 2 potions of brilliance
 p - a potion of heal wounds
 q - 3 potions of curing
 r - a potion of haste
 w - a potion of lignification {unknown}


   Skills:
 + Level 4.3 Fighting
 + Level 6.3 Long Blades
 + Level 2.1 Throwing
 + Level 3.5 Armour
 + Level 4.4 Dodging
 + Level 2.2 Stealth
 + Level 1.6 Shields


You had 7 spell levels left.
You didn't know any spells.
Your spell library contained the following spells:

 Spells                   Type           Power      Damage    Failure   Level
 Static Discharge         Conj/Air       0%         N/A       41%         2
 Ozocubu's Armour         Ice            0%         N/A       65%         3
 Lightning Bolt           Conj/Air       0%         1d11      100%        5
 Metabolic Englaciation   Hex/Ice        0%         N/A       100%        5
 Simulacrum               Ice/Necr       0%         N/A       100%        6
 Maxwell's Capacitive Co  Air            0%         ∞         100%        8


Dungeon Overview and Level Annotations

Branches:
Dungeon (6/15)             Temple (1/1) D:4

Altars:
Cheibriados
Kikubaaqudgha
Nemelex Xobeh
Qazlal
Sif Muna
Trog
Wu Jian


Innate Abilities, Weirdness & Mutations

You have large cloven feet.
You have a pair of horns on your head.
A meltable shield of frost defends you. (SH +4)


Message History

You hit the phantom.
The phantom is lightly damaged.
You kill the white imp!
The Council accepts your kill. The phantom barely misses you.
You closely miss the phantom. You punch the phantom.
The phantom is lightly damaged.
The phantom closely misses you.
You slash the phantom!
The phantom is severely damaged.
You block the phantom's attack.
You miss the phantom.
You headbutt the phantom, but do no damage.
The phantom is severely damaged.
You block the phantom's attack.
You hit the phantom. Your headbutt misses the phantom.
The phantom is severely damaged.
The ogre closely misses you. The phantom misses you. The phantom hits you!
You barely miss the phantom. Your headbutt misses the phantom.
The phantom is severely damaged.
You block the ogre's attack. The phantom misses you.
You barely miss the phantom.
The phantom is severely damaged.
The phantom hits you.
The phantom blinks!
You blink.
You slash the phantom!
You destroy the phantom!
The Council accepts your kill.
You barely miss the ogre. Your headbutt misses the ogre.
The ogre hits you with a +0 giant spiked club!!
* * * LOW HITPOINT WARNING * * *
You slash the ogre!
The ogre is poisoned.
The ogre is moderately wounded.
You hit the ogre.
The ogre is moderately wounded.
A howler monkey comes into view.
The ogre closely misses you.
The howler monkey moves out of view.
You slash the ogre!
The ogre looks as sick as possible!
The ogre is severely wounded.
The ogre hits you with a +0 giant spiked club!!
You die...

###.###+##### ...
..#.#.......####.### #
....'............... .
#.#.#.............##.#
#.# #............).#.#
#.# #................
#.# #..............#
#.# ..............##
#.# #######†...O@..#
#.#########........#
#...........##...#.#
##############...#.#
#.#...# #.......#
#########


You could see an ogre (extremely poisoned).

Vanquished Creatures
  Pargi (D:3)
  An orc warrior (D:6)
  2 ogres
  2 phantoms
  4 scorpions
  2 hounds (D:5)
  A jelly (D:6)
  3 orc priests
  Jessica (D:2)
  Terence (D:2)
  4 orc wizards
  5 adders
  4 gnolls (D:4)
  2 white imps
  An ufetubus (D:5)
  2 worms
  2 dart slugs
  16 orcs
  6 ball pythons
  5 bats
  7 endoplasms
  3 giant cockroaches (D:1)
  9 goblins
  4 hobgoblins
  8 jackals
  9 kobolds
  2 quokkas
  5 frilled lizards
  4 rats
116 creatures vanquished.

Notes
Turn   | Place    | Note
-------+----------+-------------------------------------------
     0 | D:1      | xian the Demonspawn Gladiator began the quest for the Orb.
     0 | D:1      | Reached XP level 1. HP: 16/16 MP: 1/1
    47 | D:1      | Found a faded altar of an unknown god.
   305 | D:1      | Discovered your monstrous ancestry.
   305 | D:1      | Gained mutation: You have a pair of small horns on your
                  | head. [demonic ancestry]
   305 | D:1      | Reached XP level 2. HP: 12/22 MP: 2/2
   459 | D:1      | Reached skill level 3 in Long Blades
   916 | D:1      | Reached XP level 3. HP: 27/27 MP: 3/3
  1829 | D:2      | Reached skill level 1 in Armour
  1840 | D:2      | Noticed Jessica
  1853 | D:2      | Killed Jessica
  1854 | D:2      | Reached XP level 4. HP: 12/34 MP: 4/4
  2059 | D:2      | Noticed Terence
  2077 | D:2      | Killed Terence
  2577 | D:3      | Reached XP level 5. HP: 29/39 MP: 5/5
  3030 | D:3      | Noticed Pargi
  3045 | D:3      | Killed Pargi
  3046 | D:3      | Reached skill level 4 in Long Blades
  3511 | D:4      | Reached skill level 1 in Stealth
  3511 | D:4      | Gained mutation: A meltable shield of frost defends you.
                  | (SH +4) [demonic ancestry]
  3511 | D:4      | Reached XP level 6. HP: 22/47 MP: 6/6
  4080 | D:4      | Found a sparkling altar of Nemelex Xobeh.
  4147 | D:4      | Reached skill level 5 in Long Blades
  4185 | D:4      | Gained mutation: You have a pair of horns on your head.
                  | [demonic ancestry]
  4185 | D:4      | Reached XP level 7. HP: 34/52 MP: 7/7
  4524 | D:4      | Found a staircase to the Ecumenical Temple.
  4546 | Temple   | Entered the Ecumenical Temple
  4588 | Temple   | Became a worshipper of the Wu Jian Council
  4660 | D:5      | Entered Level 5 of the Dungeon
  4755 | D:5      | Found a shimmering blue altar of Sif Muna.
  4801 | D:5      | Reached skill level 1 in Shields
  5558 | D:5      | Found a snail-covered altar of Cheibriados.
  5601 | D:5      | Identified the +1 robe of Hedging {rC+ Will- rCorr Int+4}
  6442 | D:6      | Gained mutation: You have large cloven feet. [demonic
                  | ancestry]
  6442 | D:6      | Reached XP level 8. HP: 59/60 MP: 8/8
  6515 | D:6      | Identified a scroll of acquirement
  6515 | D:6      | Acquired 1078 gold pieces
  6616 | D:6      | Reached skill level 6 in Long Blades
  7082 | D:6      | Demolished by an ogre

Illustrated notes

Levels and vault maps discovered:
D:1:      sevenhm_arrival_forest_fort_large_2, layout_loops_cross,
          basic_ecumenical_altar
D:2:      layout_loops_ring, uniq_terence, uniq_jessica
D:3:      layout_loops_cross, grunt_decor_resistance, uniq_pargi
D:4:      layout_basic, mainiacjoe_overflow_24_doors,
          minmay_temple_entry_proselytizer
D:5:      layout_loops_ring, mainiacjoe_overflow_brackets,
          mainiacjoe_overflow_cross_hatched
D:6:      layout_basic, uniq_duvessa
Temple:   dpeg_five_rooms_temple

Skill      XL: |  1  2  3  4  5  6  7  8 |
---------------+-------------------------+-----
Long Blades    | 3 4 5 6 |  6.3
Dodging        | 3 4 |  4.4
Armour         | 1 2 3 |  3.5
Throwing       | 2 |  2.1
Fighting       | 3 4 |  4.3
Stealth        | 1 2 |  2.2
Shields        | 1 |  1.6

Action                   |  1- 3 |  4- 6 |  7- 9 || total
-------------------------+-------+-------+-------++-------
Melee: Long sword        |    94 |   125 |   105 ||   324
       Headbutt          |     7 |    18 |    23 ||    48
       Punch             |       |       |     2 ||     2
Throw: Dart              |       |     7 |       ||     7
       Throwing net      |       |     2 |       ||     2
Invok: Lunge             |       |       |     8 ||     8
  Use: Scroll            |     5 |     5 |     5 ||    15
       Potion            |       |       |     4 ||     4
 Stab: Sleeping          |     1 |     2 |     1 ||     4
Armor: Leather armour    |    35 |    37 |    17 ||    89
Dodge: Dodged            |    89 |    89 |    73 ||   251
Block: Other             |       |     9 |    43 ||    52

Table legend: (Time is in decaauts)
 A = Elapsed time spent in this place.
 B = Non-inter-level travel time spent in this place.
 C = Inter-level travel time spent in this place.
 D = Time resting spent in this place.
 E = Time spent auto-exploring this place.
 F = Levels seen in this place.
 G = Mean time per level.
                   A        B        C        D        E       F      G
               +--------+--------+--------+--------+--------+-----+--------+
         Total |   7141 |   7052 |     89 |   1283 |   4027 |   7 | 1020.1 |
       Dungeon |   7067 |   7008 |     59 |   1283 |   3998 |   6 | 1177.8 |
        Temple |     73 |     43 |     30 |      0 |     29 |   1 |   73.0 |
               +--------+--------+--------+--------+--------+-----+--------+

Top non-repeatable levels by time:
     D:5: 1769 daAuts
     D:1: 1344 daAuts
     D:2: 1176 daAuts
     D:4: 1114 daAuts
     D:3: 998 daAuts
     D:6: 665 daAuts
  Temple: 73 daAuts
